 Dungeon Crawl Stone Soup version 0.14-a0-1585-g835621a (webtiles) character file.

188 PolkaDot the Gusty (level 4, -2/30 HPs)
             Began as a Vampire Air Elementalist on Dec 22, 2013.
             Slain by a scorpion (3 damage)
             ... while paralysed by a potion of paralysis
             ... on Level 2 of the Dungeon.
             The game lasted 00:08:22 (2298 turns).

PolkaDot the Gusty (Vampire Air Elementalist)       Turns: 2298, Time: 00:08:23

HP  -2/30        AC  2     Str  7      XL: 4   Next: 47%
MP   1/7         EV  2     Int 18      God:
Gold 88          SH  0     Dex 14      Spells:  1 memorised,  6 levels left

rFire  . . .     SeeInvis +     c - +0 falchion
rCold  . . .     Clarity  .     a - +0 robe
rNeg   . . .     Conserve .     (no shield)
rPois  .         rCorr    .     (no helmet)
rElec  .         rRot     .     (no cloak)
SustAb . .       Spirit   .     (no gloves)
rMut   .         Warding  .     (no boots)
Saprov . . .     Stasis   .     (no amulet)
                                (no ring)
                                (no ring)

@: paralysed, regenerating quickly, very poisoned, slightly resistant to hostile
enchantments, stealthy
A: fangs 3, see invisible, unbreathing
a: no special abilities


You were on level 2 of the Dungeon.
You were very full.

You visited 1 branch of the dungeon, and saw 2 of its levels.

You collected 88 gold pieces.

Inventory:

Hand weapons
 c - a +0,+0 falchion (weapon)
 d - a +0,+0 dagger
Armour
 a - a +0 robe (worn)
Scrolls
 e - 4 scrolls of identify {unknown}
 f - 2 scrolls of remove curse {unknown}
 g - 2 scrolls of magic mapping {unknown}
 i - a scroll of enchant weapon II {unknown}
 j - a scroll of fog {unknown}
 n - a scroll of recharging {unknown}
 o - a scroll of random uselessness {unknown}
Potions
 h - a potion of restore abilities
 k - a potion of poison {!q}
 m - a potion of agility {unknown}
Books
 b - a book of Air

   Spells                             Type                      Level
   *Shock                             Conjuration/Air              1
   Swiftness                          Charms/Air                   2
   Repel Missiles                     Charms/Air                   2
   Flight                             Charms/Air                   3
   Static Discharge                   Conjuration/Air              3
   Lightning Bolt                     Conjuration/Air              5


   Skills:
 - Level 2.1 Dodging
 - Level 3.0 Stealth
 - Level 2.0 Spellcasting
 + Level 2.0 Conjurations
 * Level 4.5 Air Magic


You had 6 spell levels left.
You knew the following spells:

 Your Spells              Type           Power        Failure   Level  Hunger
a - Shock                 Conj/Air       ##..         6%          1    #......


Dungeon Overview and Level Annotations

Branches:
Dungeon (2/16)

Altars:

Annotations:
D:2 Crazy Yiuf


Innate Abilities, Weirdness & Mutations

Your natural rate of healing is unusually fast.
You have razor-sharp teeth.*
You have supernaturally acute eyesight.
You can survive without breathing.*


Message History

The scorpion is severely wounded.
* * * LOW HITPOINT WARNING * * *
You feel sick. The scorpion closely misses you.
Drink which item? (? for menu, Esc to quit)
That liquid tasted very nasty...
You are more poisoned.
It was a potion of poison.
* * * LOW HITPOINT WARNING * * *
You feel sick. The scorpion misses you.
Drink which item? (? for menu, Esc to quit)
You suddenly lose the ability to move!
It was a potion of paralysis.
* * * LOW HITPOINT WARNING * * *
You feel sick.
You feel a little better. The scorpion stings you.
* * * LOW HITPOINT WARNING * * *
You are more poisoned.
The scorpion poisons you!
* * * LOW HITPOINT WARNING * * *
You feel sick. The scorpion stings you.
You die...

...## #...# #### +...+ #..#
#...# #..# #...#####'####
#...#...@.'..#
#...#...s.#..#######
+...'....%##'#.....######
#...#.....#..#...........
#...#.....+..#........... #
####...#####+####...........
### #..#...#..#
#........)..... ..#
#..'...'..# #.........>....
..#######...####
#.........#####


You could see a scorpion.

Vanquished Creatures
  Terence (D:2)
  4 adders (D:2)
  An ooze (D:1)
  3 giant cockroaches
  10 goblins
  7 hobgoblins
  4 jackals (D:2)
  A quokka (D:2)
  3 ball pythons (D:2)
  4 bats
  4 giant newts
  5 kobolds
  6 rats
53 creatures vanquished.

Notes
Turn   | Place    | Note
--------------------------------------------------------------
     0 | D:1      | PolkaDot, the Vampire Air Elementalist, began the quest for the Orb.
     0 | D:1      | Reached XP level 1. HP: 13/13 MP: 3/3
   146 | D:1      | Reached skill level 1 in Conjurations
   327 | D:1      | Reached XP level 2. HP: 19/19 MP: 4/4
   768 | D:2      | Reached XP level 3. HP: 15/24 MP: 0/6
  1050 | D:2      | Noticed Terence
  1099 | D:2      | Killed Terence
  1099 | D:2      | Reached skill level 4 in Air Magic
  1358 | D:2      | Noticed Crazy Yiuf
  1656 | D:2      | Reached XP level 4. HP: 26/30 MP: 7/7
  2297 | D:2      | Paralysed by a potion of paralysis for 7 turns
  2298 | D:2      | HP: 1/30 [poisoned by a scorpion]
  2298 | D:2      | Slain by a scorpion

Action                   |  1- 3 |  4- 6 || total
-------------------------+-------+-------++-------
Melee: Dagger            |    67 |       ||    67
       Unarmed           |     2 |       ||     2
       Falchion          |    40 |    22 ||    62
 Cast: Shock             |    29 |    14 ||    43
  Use: Potion            |     2 |     2 ||     4
 Stab: Sleeping          |     4 |     3 ||     7
